 Dungeon Crawl Stone Soup version 0.31-a0-931-g7b59d4eb97 (webtiles) character file.

Game seed: 3148908740537269319

394 Morbidden the Conjurer (level 6, 0/43 HPs)
             Began as a Demonspawn Conjurer on Oct 19, 2023.
             Slain by Sigmund
             ... wielding a +2 scythe of venom
              (10 damage)
             ... on level 6 of the Dungeon.
             The game lasted 00:06:24 (4735 turns).

Morbidden the Conjurer (Demonspawn Conjurer)        Turns: 4735, Time: 00:06:25

Health: 0/43       AC:  6    Str:  7    XL:     6   Next: 52%
Magic:  10/10      EV: 11    Int: 21    God:
Gold:   157        SH:  0    Dex: 12    Spells: 4/11 levels left

rFire   + . .        b - +1 dagger (venom)
rCold   + . .        (no shield)
rNeg    . . .        f - +0 leather armour
rPois   +            (helmet restricted)
rElec   +            q - +0 cloak
rCorr   +            e - +0 pair of gloves
SInv    .            n - +0 pair of boots
Will    .....        (no amulet)
Stlth   +            v - ring of wizardry
HPRegen 0.27/turn    (no ring)
MPRegen 0.12/turn

%: wizardry (x1)
@: confused, resistant, ambrosia-drunk
A: claws 2, hooves 1, horns 1
a: no special abilities


You were on level 6 of the Dungeon.
You visited 2 branches of the dungeon, and saw 7 of its levels.

You collected 157 gold pieces.

Inventory:

Hand Weapons
 b - a +1 dagger of venom (weapon)
 w - the +10 hammer "Derpheuw" {flame, rPois rN+}
   (You found it on level 4 of the Dungeon)

   rPois:     It protects you from poison rN+: It protects you from negative
   energy.
Armour
 e - a +0 pair of gloves (worn)
 f - a +0 leather armour (worn)
 n - a +0 pair of boots (worn)
 q - a +0 cloak (worn)
Jewellery
 v - a ring of wizardry (left hand)
Talismans
 k - a blade talisman
Wands
 l - a wand of polymorph (9)
 r - a wand of light (3)
Scrolls
 a - 2 scrolls of blinking {unknown}
 c - 2 scrolls of teleportation {unknown}
 d - 2 scrolls of immolation {unknown}
 h - a scroll of revelation {unknown}
 j - 3 scrolls of vulnerability {unknown}
 o - a scroll of torment {unknown}
 p - 2 scrolls of identify {unknown}
 s - a scroll of enchant weapon {unknown}
Potions
 i - a potion of magic
 t - a potion of resistance
 u - a potion of mutation {unknown}
 x - a potion of berserk rage {unknown}


   Skills:
 * Level 1.6 Fighting
 + Level 1.3 Short Blades
 + Level 1.6 Armour
 * Level 2.4 Dodging
 + Level 2.1 Stealth
 * Level 0.5 Unarmed Combat
 * Level 3.0 Spellcasting
 * Level 5.4 Conjurations
 * Level 1.8 Shapeshifting


You had 4 spell levels left.
You knew the following spells:

 Your Spells              Type           Power      Damage    Failure   Level
a - Magic Dart            Conj           100%       1d8       1%          1
b - Searing Ray           Conj           52%        2d6       1%          2
z - Iskenderun's Mystic   Conj/Tloc      14%        2d5       26%         4

Your spell library contained the following spells:

 Spells                   Type           Power      Damage    Failure   Level
 Dazzling Flash           Conj/Hex       28%        N/A       8%          3
 Frozen Ramparts          Ice            6%         1d1       22%         3
 Fulminant Prism          Conj/Hex       7%         3d7       26%         4
 Petrify                  Tmut/Erth      3%         N/A       56%         4
 Alistair's Intoxication  Tmut/Pois      2%         N/A       88%         5
 Borgnjor's Vile Clutch   Necr/Erth      1%         N/A       88%         5
 Metabolic Englaciation   Hex/Ice        1%         N/A       88%         5
 Eringya's Noxious Bog    Tmut/Pois      1%         4d6       100%        6
 Haunt                    Necr/Summ      1%         N/A       100%        7
 Borgnjor's Revivificati  Necr           1%         N/A       100%        8
 Death's Door             Necr           1%         N/A       100%        9


Dungeon Overview and Level Annotations

Branches:
Dungeon (6/15)             Temple (1/1) D:5

Altars:
Dithmenos
Gozag
Hepliaklqana
Kikubaaqudgha
Makhleb
Nemelex Xobeh
Okawaru
Qazlal
Ru
Sif Muna
Uskayaw
Vehumet
Wu Jian
Ignis

Shops:
D:4 !

Annotations:
D:3 3 runed translucent doors, BinkBink's ghost, amateur TeMo
D:4 1 runed translucent door, Crazy Yiuf; Dowan; Duvessa; Edmund
D:5 Pikel
D:6 Sigmund


Innate Abilities, Weirdness & Mutations

You have very sharp fingernails.
You have large cloven feet.
You have a pair of small horns on your head.


Message History

You are lethally poisoned!
Unknown command.
Unknown command.
* * * LOW HITPOINT WARNING * * *
You feel very sick.
Unknown command.
Unknown command.
You feel better. Something hits you.
* * * LOW HITPOINT WARNING * * *
You are lethally poisoned!
Unknown command.
Unknown command.
Unknown command.
It was a potion of resistance.
You feel protected.
* * * LOW HITPOINT WARNING * * *
You feel very sick. Something hits you but does no damage.
Unknown command.
Unknown command.
You feel better.
Unknown command.
Unknown command.
Something hits you!
* * * LOW HITPOINT WARNING * * *
Unknown command.
Unknown command.
Unknown command.
You see here a howler monkey corpse.
Okay, then.
Something hits you.
* * * LOW HITPOINT WARNING * * *
Unknown command.
It was a potion of ambrosia.
You are confused.
You feel invigorated.
Unknown command.
Unknown command.
You bump into the rock wall.
Something hits you!
You die...

....<.....##.#
.......†..##.#######
....................
#.##.#######.#######
#. #.# #.....# # #.#
#####.# #.# #.# ..#
#†# .. #@# #.# #.#
#.. ###


There were no monsters in sight!

Vanquished Creatures
  An ice beast (D:5)
  2 lemures (D:5)
  A howler monkey (D:6)
  An orc priest (D:4)
  2 iguanas (D:5)
  2 orc wizards (D:4)
  6 adders
  10 orcs
  7 ball pythons
  4 endoplasms
  2 giant cockroaches (D:2)
  7 hobgoblins
  4 jackals (D:2)
  5 kobolds
  3 quokkas
  2 frilled lizards
  7 goblins
  4 rats
70 creatures vanquished.

Notes
Turn   | Place    | Note
-------+----------+-------------------------------------------
     0 | D:1      | Morbidden the Demonspawn Conjurer began the quest for the
                  | Orb.
     0 | D:1      | Reached XP level 1. HP: 13/13 MP: 3/3
   267 | D:1      | Discovered your monstrous ancestry.
   267 | D:1      | Gained mutation: You have large cloven feet. [demonic
                  | ancestry]
   267 | D:1      | Reached XP level 2. HP: 20/20 MP: 1/5
  1181 | D:2      | Reached XP level 3. HP: 10/25 MP: 0/6
  1406 | D:2      | Reached skill level 1 in Fighting
  2042 | D:3      | Found a runed translucent gate.
  2043 | D:3      | Found a runed translucent gate.
  2044 | D:3      | Found a runed translucent gate.
  2046 | D:3      | Noticed BinkBink's ghost (amateur TeMo)
  2092 | D:3      | Identified the +3 sling "Liupefio" {speed, *Corrode +Blink
                  | Str+5 Int+2}
  2759 | D:4      | Gained mutation: You have a pair of small horns on your
                  | head. [demonic ancestry]
  2759 | D:4      | Reached XP level 4. HP: 32/32 MP: 1/7
  3202 | D:4      | Learned a level 2 spell: Searing Ray
  3243 | D:4      | Noticed Duvessa
  3245 | D:4      | Noticed Dowan
  3265 | D:3      | Reached skill level 1 in Armour
  3386 | D:4      | Noticed Edmund
  3566 | D:4      | Reached skill level 1 in Shapeshifting
  3566 | D:4      | Gained mutation: You have sharp fingernails. [demonic
                  | ancestry]
  3566 | D:4      | Reached XP level 5. HP: 19/37 MP: 2/9
  3882 | D:4      | Identified the +10 hammer "Derpheuw" {flame, rPois rN+}
  3889 | D:4      | Identified the +3 hammer "Qewoyt" {holy, rElec}
  3893 | D:4      | Found a runed translucent door.
  3894 | D:4      | Noticed Crazy Yiuf
  3996 | D:4      | Found Voat Ovemn's Distillery.
  4002 | D:5      | Entered Level 5 of the Dungeon
  4002 | D:5      | Noticed an ice beast
  4018 | D:5      | Killed an ice beast
  4019 | D:5      | Reached skill level 5 in Conjurations
  4019 | D:5      | Gained mutation: You have very sharp fingernails. [demonic
                  | ancestry]
  4019 | D:5      | Reached XP level 6. HP: 14/43 MP: 1/10
  4247 | D:5      | Learned a level 4 spell: Iskenderun's Mystic Blast
  4263 | D:5      | Found a hazy altar of Hepliaklqana.
  4266 | D:5      | Found a shadowy altar of Dithmenos.
  4266 | D:5      | Noticed a shadow
  4310 | D:5      | Found a staircase to the Ecumenical Temple.
  4398 | Temple   | Entered the Ecumenical Temple
  4499 | D:5      | Reached skill level 1 in Short Blades
  4638 | D:5      | Noticed Pikel
  4645 | D:6      | Identified the "Paag"
  4718 | D:6      | Noticed Sigmund
  4733 | D:6      | HP: 1/43 [something (6)]
  4735 | D:6      | Slain by Sigmund

Illustrated notes

Levels and vault maps discovered:
D:1:      ncdulo_watergridlock, layout_loops_corners
D:2:      layout_basic
D:3:      layout_basic, serial_rivers, chequers_serial_rivers_marsh,
          chequers_serial_rivers_micro_a, chequers_serial_rivers_small_3,
          chequers_serial_rivers_room_b, chequers_serial_rivers_micro_e,
          chequers_serial_rivers_micro_b, gammafunk_ghost_necromancy,
          minmay_misc_feat_tiny
D:4:      layout_rooms, mainiacjoe_overflow_surrounded_room, serial_shops, shop,
          minmay_misc_feat_secret_circle, nicolae_goblin_pals, uniq_eustachio,
          uniq_duvessa, uniq_edmund, uniq_crazy_yiuf_cottage
D:5:      layout_basic, riverfiend_overflow_shadow_ancestor,
          mainiacjoe_overflow_six_doors_small, minmay_temple_entry_mist,
          kennysheep_doodads, dreamdust_mushroom_princess, uniq_blork_the_orc,
          uniq_pikel
D:6:      layout_basic, uniq_jeremiah, uniq_sigmund
Temple:   pdpol_scorched_temple

Skill      XL: |  1  2  3  4  5  6 |
---------------+-------------------+-----
Stealth        | 2 |  2.1
Dodging        | 2 |  2.4
Fighting       | 1 |  1.6
Armour         | 1 |  1.6
Shapeshifting  | 1 |  1.8
Conjurations   | 5 |  5.4
Short Blades   | 1 |  1.3
Spellcasting   | 3 |  3.0
Unarmed Combat | |  0.5

Action                     |  1- 3 |  4- 6 || total
---------------------------+-------+-------++-------
  Melee: Dagger            |    67 |    63 ||   130
         Kick              |    10 |       ||    10
         Unarmed           |     1 |       ||     1
         Headbutt          |       |    10 ||    10
   Cast: Magic Dart        |    55 |    37 ||    92
         Searing Ray       |       |     7 ||     7
  Evoke: Wand              |       |     1 ||     1
    Use: Potion            |       |     5 ||     5
 Armour: Leather armour    |    41 |    65 ||   106
         Skin              |     1 |       ||     1
  Dodge: Dodged            |    51 |    32 ||    83

Table legend: (Time is in decaauts)
 A = Elapsed time spent in this place.
 B = Non-inter-level travel time spent in this place.
 C = Inter-level travel time spent in this place.
 D = Time resting spent in this place.
 E = Time spent auto-exploring this place.
 F = Levels seen in this place.
 G = Mean time per level.
                   A        B        C        D        E       F      G
               +--------+--------+--------+--------+--------+-----+--------+
         Total |   4730 |   4330 |    400 |    890 |   2750 |   7 |  675.7 |
       Dungeon |   4728 |   4328 |    400 |    890 |   2750 |   6 |  788.0 |
        Temple |      1 |      1 |      0 |      0 |      0 |   1 |    1.0 |
               +--------+--------+--------+--------+--------+-----+--------+

Top non-repeatable levels by time:
     D:3: 1394 daAuts
     D:1: 1090 daAuts
     D:2: 831 daAuts
     D:4: 681 daAuts
     D:5: 642 daAuts
     D:6: 89 daAuts
  Temple: 1 daAuts
